 Dungeon Crawl Stone Soup version 0.30-b1-2-g02819fbbbe (webtiles) character file.

Game seed: 8855952205955015906

56892 Dirian the Warrior (level 14, -9/140 HPs)
             Began as a Minotaur Berserker on May 8, 2023.
             Was a High Priest of Trog.
             Killed from afar by a raiju (22 damage)
             ... with a living lightning
             ... on level 1 of the Abyss.
             The game lasted 00:24:22 (16121 turns).

Dirian the Warrior (Minotaur Berserker)            Turns: 16121, Time: 00:24:23

Health: -9/140     AC: 21    Str: 26    XL:     14   Next: 43%
Magic:  13/13      EV:  8    Int:  4    God:    Trog [*****.]
Gold:   1653       SH: 10    Dex: 11    Spells: 13/13 levels left

rFire   + . .        a - +8 broad axe (freeze)
rCold   + + .        M - +0 kite shield
rNeg    . . .        f - +0 plate armour
rPois   .            (helmet restricted)
rElec   .            H - scarf {rC+ rF+}
rCorr   .            u - +1 pair of gloves
SInv    +            g - +0 pair of boots
Will    +++..        (no amulet) Stlth
                     c - ring of protection from cold
HPRegen 1.00/turn    G - ring of see invisible
MPRegen 0.13/turn

%: no passive effects
@: strong-willed, on berserk cooldown, sick, regenerating, slowed, very slow
A: horns 2, retaliatory headbutt
a: Renounce Religion, Berserk, Trog's Hand, Brothers in Arms


You were on level 1 of the Abyss.
You worshipped Trog.
Trog was extremely pleased with you.
You visited 2 branches of the dungeon, and saw 17 of its levels.
You visited the Abyss 1 time.

You collected 1720 gold pieces.
You spent 67 gold pieces at shops.

Inventory:

Hand Weapons
 a - a +8 broad axe of freezing (weapon)
 b - a +2 scimitar of flaming
Armour
 f - a +0 plate armour (worn)
 g - a +0 pair of boots (worn)
 u - a +1 pair of gloves (worn)
 H - a scarf of resistance (worn)
 M - a +0 kite shield (worn)
 O - a +0 tower shield
Jewellery
 c - a ring of protection from cold (left hand)
 G - a ring of see invisible (right hand)
Wands
 n - a wand of acid (20)
 v - a wand of digging (7)
 x - a wand of paralysis (5)
Scrolls
 j - 3 scrolls of fog
 m - a scroll of fear
 o - a scroll of enchant weapon
 r - 3 scrolls of identify
 s - a scroll of magic mapping
 t - 9 scrolls of teleportation
 y - 2 scrolls of enchant armour
 z - 4 scrolls of blinking
 C - 3 scrolls of poison
 I - 2 scrolls of silence
 J - 2 scrolls of immolation
 L - 2 scrolls of summoning
Potions
 d - a potion of might
 e - 6 potions of magic
 h - a potion of haste
 i - 3 potions of attraction
 l - 3 potions of mutation
 q - 7 potions of curing
 w - a potion of heal wounds
 A - 4 potions of invisibility
 D - 2 potions of brilliance
 P - 3 potions of flight


   Skills:
 + Level 17.5 Fighting
 - Level 2.0 Long Blades
 - Level 16.0 Axes
 - Level 15.0 Armour
 - Level 2.1 Dodging
 + Level 9.9 Shields
 * Level 6.7 Evocations


You had 13 spell levels left.
You didn't know any spells.
Your spell library was empty.

Dungeon Overview and Level Annotations

Branches:
Dungeon (15/15) Zot: 25244  Temple (0/1) D:4            Lair (0/5) D:9
    Orc (2/2) D:11 Zot: 11609     Elf (0/3) Orc:2        Vaults (0/5) D:14
 Depths (0/4) D:15

Altars:
Ashenzari
Elyvilon
Makhleb
Okawaru
Qazlal
Ru
Trog
Vehumet
Xom
Yredelemnul

Shops:
D:7 =:[[   D:11 :   Orc:2 :

Annotations:
D:11 3 runed translucent doors, exclusion: obsidian statue, phunky83's ghost, journeyman MiMo
D:12 1 runed translucent door, LLlMATKO's ghost, journeyman MiBe
Orc:2 Erolcha


Innate Abilities, Weirdness & Mutations

You have a pair of horns on your head.
You reflexively headbutt those who attack you in melee.


Message History

The raiju bites you but does no damage.
The raiju barks!
You slash the raiju! You freeze the raiju. You headbutt the raiju.
The raiju is heavily wounded.
You slice the raiju!! You freeze the raiju. You slash the thrashing horror!
You freeze the thrashing horror.
You block the thrashing horror's attack.
The thrashing horror tramples you but does no damage.
The raiju bursts into living lightning!
The living lightning hits you but does no damage.
The raiju blinks! x2
The raiju bursts into living lightning!
The living lightning hits you!
* * * LOW HITPOINT WARNING * * *
The living lightning hits the raiju.
The raiju completely resists.
The raiju blinks!
The raiju bites you but does no damage.
You cut the raiju into ribbons!!! You freeze the raiju.
You kill the raiju!
Trog accepts your kill.
You slash the raiju! You freeze the raiju. You hit the thrashing horror.
The thrashing horror tramples you!
* * * LOW HITPOINT WARNING * * *
You hold your ground!
You block the thrashing horror's attack.
An iron imp comes into view.
A raiju comes into view.
The raiju bites you but does no damage.
The raiju bursts into living lightning!
The living lightning hits you!!
* * * LOW HITPOINT WARNING * * *
The raiju blinks!
The raiju barks!
You closely miss the raiju.
The raiju is moderately wounded.
You slice the raiju!! You freeze the raiju.
You kill the raiju!
Trog accepts your kill.
The thrashing horror tramples you but does no damage. x2
The raiju bursts into living lightning!
The living lightning hits you!!
You die...

.. #
.##.......#. ##
#.
.........#.....
# .# .
...#...#... . #
.#. .#.......#
.#. #
.##..#...# ##
.........## #
..........#
.....##..##
#.... #@.#
.......h.......
#......X.......
#.#.......##...
.....###.# ..
...... .. .
...... ...
....5h ....


You could see a thrashing horror, 2 raiju and an iron imp.

Vanquished Creatures
  An Executioner (Abyss:1)
  2 tentacled starspawn (Abyss:1)
  Louise (D:14)
  A rakshasa (D:14)
  2 centaur warriors
  2 hydras
  4 two-headed ogres
  A boulder beetle (D:11)
  Erica (D:10)
  A dancing weapon (Abyss:1)
  A naga warrior (Abyss:1)
  2 orc high priests (Orc:2)
  A tengu warrior (D:14)
  2 thrashing horrors (Abyss:1)
  Lodul (D:12)
  8 skeletal warriors
  A golden dragon zombie (D:15)
  A lindwurm (D:14)
  7 deep elf pyromancers
  A phantasmal warrior (D:15)
  2 orc knights
  7 cyclopes
  A necromancer (D:15)
  An orc sorcerer (Orc:2)
  2 ugly things
  A frost giant zombie (D:15)
  A stone giant zombie (D:15)
  2 manticores
  A stone giant skeleton (D:15)
  A naga mage (Abyss:1)
  A guardian serpent (Abyss:1)
  5 gargoyles
  2 large abominations (Abyss:1)
  A smoke demon (Abyss:1)
  An unseen horror (D:13)
  A komodo dragon (D:6)
  A rime drake (D:9)
  A yaktaur (shapeshifter) (D:10)
  2 freezing wraiths (D:15)
  An efreet (D:15)
  A yaktaur (D:10)
  A troll (shapeshifter) (D:13)
  2 ancient zymes (Abyss:1)
  8 trolls
  2 polar bears (D:9)
  A raiju (shapeshifter) (D:14)
  5 raiju (Abyss:1)
  2 hornets
  6 slime creatures
  A shadow (D:11)
  2 vampires
  6 wraiths
  2 wyverns
  32 yaks
  A ynoxinul (Abyss:1)
  Eustachio (D:4)
  2 humans (D:11)
  2 basilisks
  A steam dragon (D:7)
  3 wargs
  A naga (Abyss:1)
  2 small abominations (Abyss:1)
  A sky beast (D:6)
  5 ice beasts
  Duvessa (D:5)
  A hell hound (Orc:2)
  21 orc warriors
  A black bear (D:7)
  A boggart (D:10)
  7 centaurs
  2 wolves (D:9)
  9 ogres
  3 kobold brigands
  A phantom (D:4)
  3 bullfrogs
  4 scorpions
  6 wights
  Dowan (D:5)
  5 killer bees (D:7)
  12 howler monkeys
  A bullfrog zombie (D:4)
  A centaur zombie (D:4)
  5 hounds
  A human zombie (D:4)
  3 jellies
  15 orc priests
  2 gnoll boudas
  5 starcursed masses (Abyss:1)
  An iron imp (Abyss:1)
  2 sleepcaps
  5 iguanas
  15 orc wizards
  3 hound zombies (D:4)
  3 mummies (D:4)
  A howler monkey zombie (D:4)
  15 gnolls
  8 adders
  A shadow imp (D:5)
  A white imp (D:8)
  An ufetubus (D:6)
  2 worms
  5 dart slugs
  57 orcs
  7 bats
  5 endoplasms
  7 giant cockroaches
  9 goblins
  4 hobgoblins
  4 jackals (D:1)
  14 kobolds
  4 quokkas
  6 ball pythons
  4 frilled lizards
  8 rats
469 creatures vanquished.

Vanquished Creatures (others)
  An ice beast (D:9)
  12 fungi (Orc:2)
  8 starspawn tentacles (Abyss:1)
  6 withered plants (D:15)
27 creatures vanquished.

Grand Total: 496 creatures vanquished

Notes
Turn   | Place    | Note
-------+----------+-------------------------------------------
     0 | D:1      | Dirian the Minotaur Berserker began the quest for the Orb.
     0 | D:1      | Reached XP level 1. HP: 19/19 MP: 0/0
    31 | D:1      | Reached XP level 2. HP: 11/27 MP: 1/1
   116 | D:1      | Reached skill level 4 in Fighting
   402 | D:1      | Reached XP level 3. HP: 33/33 MP: 2/2
   443 | D:1      | Reached ** piety under Trog
   979 | D:2      | Reached skill level 5 in Axes
   979 | D:2      | Reached XP level 4. HP: 28/41 MP: 3/3
  1079 | D:2      | Identified the ring of Letunt {MP+9 Str-3 Dex+3 Stlth+}
  1621 | D:3      | Reached skill level 5 in Fighting
  1652 | D:3      | Reached XP level 5. HP: 44/48 MP: 4/4
  2068 | D:4      | Reached XP level 6. HP: 56/56 MP: 5/5
  2072 | D:4      | Reached *** piety under Trog
  2344 | D:4      | Found a staircase to the Ecumenical Temple.
  2563 | D:4      | Found a bloodstained altar of Trog.
  2800 | D:4      | Reached skill level 6 in Fighting
  2909 | D:4      | Reached XP level 7. HP: 59/60 MP: 6/6
  3106 | D:4      | Found a basalt altar of Yredelemnul.
  3405 | D:4      | Noticed Eustachio
  3441 | D:4      | Killed Eustachio
  3709 | D:5      | Entered Level 5 of the Dungeon
  3740 | D:5      | Noticed a troll
  3748 | D:5      | Killed a troll
  3749 | D:5      | Reached XP level 8. HP: 46/71 MP: 7/7
  3752 | D:5      | Reached skill level 7 in Fighting
  3943 | D:5      | Reached skill level 10 in Axes
  4502 | D:5      | Noticed Dowan
  4503 | D:5      | Noticed Duvessa
  4513 | D:5      | Killed Duvessa
  4514 | D:5      | Reached skill level 5 in Armour
  4531 | D:5      | Killed Dowan
  4839 | D:6      | Noticed a komodo dragon
  4845 | D:6      | Killed a komodo dragon
  5072 | D:6      | Reached skill level 8 in Fighting
  5176 | D:6      | Reached XP level 9. HP: 77/81 MP: 8/8
  5637 | D:7      | Reached **** piety under Trog
  5640 | D:7      | Reached skill level 9 in Fighting
  5641 | D:7      | Found Lorakhat's Antique Armour Boutique.
  6229 | D:7      | Found Gaosab's Armour Boutique.
  6233 | D:7      | Found Qikh's Jewellery Boutique.
  6233 | D:7      | Found Fol Vabe's Book Boutique.
  6640 | D:7      | Bought a +0 buckler for 67 gold pieces
  6795 | D:8      | Reached skill level 1 in Shields
  6795 | D:8      | Reached XP level 10. HP: 91/91 MP: 9/9
  7168 | D:8      | Found a broken altar of Ashenzari.
  7168 | D:8      | Found a radiant altar of Vehumet.
  7560 | D:9      | Noticed a cyclops
  7571 | D:9      | Killed a cyclops
  7572 | D:9      | Reached skill level 10 in Fighting
  7675 | D:9      | Identified the +0 robe of Huingino {rElec}
  7719 | D:9      | Noticed a two-headed ogre
  7724 | D:9      | Killed a two-headed ogre
  7745 | D:9      | Reached skill level 15 in Axes
  7904 | D:9      | Reached XP level 11. HP: 101/101 MP: 10/10
  7932 | D:9      | Reached skill level 5 in Shields
  7936 | D:9      | Found a staircase to the Lair.
  7996 | D:9      | Found a stormy altar of Qazlal.
  8139 | D:9      | Found a burning altar of Makhleb.
  8611 | D:10     | Entered Level 10 of the Dungeon
  8620 | D:10     | Reached skill level 11 in Fighting
  8701 | D:10     | Noticed a deep elf pyromancer
  8701 | D:10     | Noticed a deep elf pyromancer
  8701 | D:10     | Noticed an orc knight
  8708 | D:10     | Killed a deep elf pyromancer
  8719 | D:10     | Killed an orc knight
  8724 | D:10     | Killed a deep elf pyromancer
  8767 | D:10     | Noticed a two-headed ogre
  8775 | D:10     | Killed a two-headed ogre
  8798 | D:10     | Reached skill level 12 in Fighting
  8932 | D:10     | Reached skill level 10 in Armour
  9420 | D:10     | Reached ***** piety under Trog
  9515 | D:10     | Noticed Erica
  9522 | D:10     | Killed Erica
  9523 | D:10     | Reached skill level 13 in Fighting
  9642 | D:11     | Reached XP level 12. HP: 94/115 MP: 11/11
  9739 | D:11     | Noticed a boulder beetle
  9744 | D:11     | Found a staircase to the Orcish Mines.
  9752 | D:11     | Killed a boulder beetle
 10002 | D:11     | Found an iron altar of Okawaru.
 10022 | D:11     | Found a runed translucent gate.
 10023 | D:11     | Found a runed translucent gate.
 10023 | D:11     | Found an opulent altar of Gozag.
 10024 | D:11     | Found a runed translucent gate.
 10061 | D:11     | Noticed phunky83's ghost (journeyman MiMo)
 10062 | D:11     | Noticed a two-headed ogre
 10063 | D:11     | a two-headed ogre changed into a glowing shapeshifter
 10063 | D:11     | Noticed a catoblepas
 10122 | D:11     | Found Wugguoj's Book Shoppe.
 10273 | D:12     | Noticed a two-headed ogre
 10277 | D:12     | Killed a two-headed ogre
 10280 | D:12     | Noticed LLlMATKO's ghost (journeyman MiBe)
 10297 | D:12     | Reached skill level 1 in Evocations
 10299 | D:12     | Noticed Lodul
 10307 | D:12     | Reached skill level 14 in Fighting
 10308 | D:12     | Killed Lodul
 10601 | D:12     | Reached skill level 15 in Fighting
 10603 | D:12     | Found a runed translucent door.
 10751 | D:12     | Found a shimmering altar of Xom.
 11081 | D:13     | Found a sacrificial altar of Ru.
 11161 | D:13     | You fall into a shaft and drop 1 floor!
 11175 | D:14     | Noticed a centaur warrior
 11187 | D:14     | Killed a centaur warrior
 11342 | D:14     | Reached XP level 13. HP: 109/127 MP: 12/12
 11984 | D:14     | Noticed Louise
 11998 | D:14     | Killed Louise
 12593 | D:14     | Found a gate to the Vaults.
 12851 | D:13     | Reached skill level 1 in Long Blades
 13188 | D:13     | Received a gift from Trog
 13625 | D:15     | Entered Level 15 of the Dungeon
 13652 | D:15     | Found a white marble altar of Elyvilon.
 13771 | D:15     | Reached skill level 16 in Fighting
 13928 | D:15     | Found a staircase to the Depths.
 13947 | D:15     | Reached skill level 5 in Evocations
 13978 | D:15     | HP: 5/129 [golden dragon zombie (15)]
 15363 | Orc:1    | Entered Level 1 of the Orcish Mines
 15433 | Orc:1    | Reached XP level 14. HP: 97/138 MP: 13/13
 15710 | Orc:2    | Entered Level 2 of the Orcish Mines
 15710 | Orc:2    | Found Wihil's Book Emporium.
 15739 | Orc:2    | Noticed Erolcha
 15759 | Orc:2    | Noticed an orc warlord
 15761 | Abyss:1  | Cast into level 1 of the Abyss (Erolcha)
 15839 | Abyss:1  | Noticed an Executioner
 15843 | Abyss:1  | Killed an Executioner
 15844 | Abyss:1  | Reached skill level 17 in Fighting
 15848 | Abyss:1  | Noticed a tentacled starspawn
 15875 | Abyss:1  | Reached skill level 15 in Armour
 15968 | Abyss:1  | Noticed a tentacled starspawn
 15974 | Abyss:1  | Noticed a tentacled starspawn
 15979 | Abyss:1  | Killed a tentacled starspawn
 15987 | Abyss:1  | Killed a tentacled starspawn
 16071 | Abyss:1  | Found a corrupted altar of Lugonu.
 16084 | Abyss:1  | Found a corrupted altar of Lugonu.
 16121 | Abyss:1  | Killed from afar by a raiju

Illustrated notes

Levels and vault maps discovered:
D:1:      dpeg_arrival_more_subterranean_lakeside_camping, layout_basic,
          serial_rivers, chequers_serial_rivers_marsh,
          chequers_serial_rivers_marsh, chequers_serial_rivers_room_b,
          chequers_serial_rivers_micro_b, chequers_serial_rivers_micro_e,
          serial_park_tiny_pond, st_stairs_12
D:2:      layout_rooms
D:3:      layout_rooms
D:4:      layout_loops_ring, lemuel_mausoleum_altar_yredelemnul,
          mainiacjoe_overflow_tiny_flanked, minmay_temple_entry_mini_moons,
          uniq_eustachio
D:5:      layout_basic, uniq_duvessa
D:6:      minmay_evil_eye, layout_loops_cross
D:7:      layout_cave_pools, minmay_shop_grid_forest
D:8:      layout_gridville, chequers_temple_overflow_statue_of_worship
D:9:      layout_irregular_city, mainiacjoe_overflow_six_doors_small,
          grunt_qazlal_clouds, hellmonk_lair_entry_icy
D:10:     minmay_the_grid_triangle_9x9_recursive_2
          [minmay_the_grid_triangle_9x9_prize_top_heavy,
          minmay_the_grid_triangle_9x9_impossible_snake,
          minmay_the_grid_triangle_9x9_sprig,
          minmay_the_grid_triangle_9x9_intruding_spiral], layout_rooms,
          grunt_ministairs_14, chequers_serial_rivers_room_a, uniq_erica
D:11:     layout_rooms, orc_0_dummy, serial_shops,
          nicolae_shop_just_a_little_nook, ebering_ghost_gozag, okawaru_humans
D:12:     layout_rooms, hellmonk_ghost_big_iron, skrybe_limestone_x,
          brannock_xom_greatest_gift, uniq_lodul
D:13:     layout_roguey [special_room_orc], nicolae_ru_great_annihilating_truth
D:14:     layout_loops_corners, david_vaults_4, chequers_serial_rivers_micro_e,
          uniq_louise
D:15:     gammafunk_depths_entry_grave, layout_long_grid, elyvilon_altar_5
Orc:1:    layout_caves
Orc:2:    grunt_orc_gardens, layout_diamond_mine, grunt_orc_garden,
          grunt_orc_garden, grunt_orc_garden, grunt_orc_garden,
          gauntlet_entry_generic, basic_altar, uniq_erolcha, uniq_azrael
Abyss:1:  base:
Lair:3

Skill      XL: |  1  2  3  4  5  6  7  8  9 10 11 12 13 14 |
---------------+-------------------------------------------+-----
Axes           | 4 5 6 8 9 11 13 15 16 | 16.0
Fighting       | 4 5 6 8 9 10 13 15 16 17 | 17.5
Armour         | 3 4 5 7 8 11 13 14 15 | 15.0
Shields        | 1 4 5 6 8 9 |  9.9
Evocations     | 3 5 6 |  6.7
Long Blades    | 2 |  2.0
Dodging        | |  2.1

Action                     |  1- 3 |  4- 6 |  7- 9 | 10-12 | 13-15 || total
---------------------------+-------+-------+-------+-------+-------++-------
  Melee: Hand axe          |    93 |   115 |   163 |       |       ||   371
         Headbutt          |    14 |    23 |    50 |    57 |    85 ||   229
         Punch             |     1 |       |     1 |       |       ||     2
         War axe           |       |       |   117 |   319 |   110 ||   546
         Broad axe         |       |       |       |       |   216 ||   216
         Scimitar          |       |       |       |       |    13 ||    13
 Invoke: Berserk           |     1 |     2 |     2 |     4 |     8 ||    17
         Trog's Hand       |       |       |     8 |     7 |    12 ||    27
         Brothers in Arms  |       |       |       |       |     1 ||     1
    Use: Scroll            |       |       |    13 |     9 |     6 ||    28
         Potion            |       |       |       |     1 |     2 ||     3
   Stab: Paralysed         |       |       |       |     1 |       ||     1
 Armour: Animal skin       |    22 |     9 |       |       |       ||    31
         Leather armour    |       |    14 |    91 |       |       ||   105
         Ring mail         |       |       |    44 |    26 |       ||    70
         Chain mail        |       |       |       |   117 |   132 ||   249
         Plate armour      |       |       |       |       |    56 ||    56
  Dodge: Dodged            |    65 |    55 |   200 |   138 |    99 ||   557
  Block: Buckler           |       |       |     1 |    79 |     5 ||    85
         Kite shield       |       |       |       |       |   159 ||   159
